PAAA
PAWNEE PARKSNREC @ BLOOMINGTON LONGNECKS
09/01/2031
 
TOP OF THE 1ST
Pawnee ParksNRec batting - Pitching for Bloomington Longnecks : LHP Gabriel Valenzuela
Pitching: LHP Gabriel Valenzuela
Batting: RHB Britt Lynch 0-0: SINGLE (Groundball, 6MD)
Batting: RHB David Tineo 0-0: Foul Ball, location: 2F
0-1: Ball
1-1: Fielders Choice at 2nd, 4-6 (Groundball, 4)
Batting: RHB Ken Bone 0-0: Called Strike
0-1: Ball
1-1: Ball
2-1: Fly out, F3 (Popup, 3SF)
Batting: RHB Daryl Moran 0-0: Called Strike
0-1: Foul Ball, location: 2F
0-2: Strikes out swinging
Top of the 1st over - 0 runs, 1 hit, 0 errors, 1 left on base; Pawnee 0 - Bloomington 0
BOTTOM OF THE 1ST
Bloomington Longnecks batting - Pitching for Pawnee ParksNRec : RHP Hengkie Iriawan
Pitching: RHP Hengkie Iriawan
Batting: LHB Marshall Willis 0-0: Ball
1-0: DOUBLE (Groundball, 5L)
Batting: RHB Masafumi Ito 0-0: Called Strike
0-1: Ball
1-1: Foul Ball, location: 2F
1-2: Foul Ball, location: 2F
1-2: Ball
2-2: Ball
3-2: Fly out, F8 (Flyball, 8LM)
Batting: RHB Martín Martínez 0-0: Ball
1-0: Ball
Marshall Willis steals 3rd base
2-0: Ball
3-0: Foul Ball, location: 2F
3-1: Foul Ball, location: 2F
3-2: Foul Ball, location: 2F
3-2: Base on Balls
Batting: RHB Gabrio Campoverde 0-0: Ball
1-0: Called Strike
Martín Martínez steals 2nd base
1-1: Fly out, F5 (Popup, 5SF)
Batting: LHB Calvin Wilms 0-0: Ball
1-0: Ball
2-0: Ball
3-0: Base on Balls
Batting: LHB César Gómes 0-0: Called Strike
0-1: Foul Ball, location: 2F
0-2: Ball
1-2: Foul Ball, location: 2F
1-2: SINGLE (Groundball, 4MD)
Marshall Willis scores
Martín Martínez to third
Calvin Wilms to second
Runner from 3rd tries for Home, SAFE, no throw
Batting: RHB Ty Struck 0-0: Ball
1-0: Ball
2-0: SINGLE (Line Drive, 56)
Calvin Wilms to third
César Gómes to second
Batting: SHB Chris Williamson 0-0: Ball
1-0: Foul Ball, location: 2F
1-1: Ball
2-1: Foul Ball, location: 2F
2-2: Ball
3-2: Base on Balls
Calvin Wilms scores
César Gómes to third
Ty Struck to second
Batting: RHB Frank Crocker 0-0: Ball
1-0: Ball
2-0: Called Strike
2-1: Ball
3-1: SINGLE (Groundball, 4MS) (infield hit)
César Gómes scores
Ty Struck to third
Chris Williamson to second
Batting: LHB Marshall Willis 0-0: Ball
1-0: Called Strike
1-1: Ball
2-1: Ball
3-1: Base on Balls
Ty Struck scores
Chris Williamson to third
Frank Crocker to second
Batting: RHB Masafumi Ito 0-0: Ball
1-0: Ball
2-0: Called Strike
2-1: Fly out, F8 (Flyball, 8LM)
Bottom of the 1st over - 5 runs, 4 hits, 0 errors, 3 left on base; Pawnee 0 - Bloomington 5
TOP OF THE 2ND
Pawnee ParksNRec batting - Pitching for Bloomington Longnecks : LHP Gabriel Valenzuela
Batting: RHB Gustavo González 0-0: Ball
1-0: Foul Ball, location: 2F
1-1: Fly out, F9 (Flyball, 9LM)
Batting: RHB Mike Lipide 0-0: Swinging Strike
0-1: Foul Ball, location: 2F
0-2: Strikes out looking
Batting: SHB Dave Gant 0-0: Foul Ball, location: 2F
0-1: Ball
1-1: Foul Ball, location: 2F
1-2: Foul Ball, location: 2F
1-2: Ball
2-2: Foul Ball, location: 2F
2-2: Fly out, F7 (Flyball, 7LMF)
Top of the 2nd over - 0 runs, 0 hits, 0 errors, 0 left on base; Pawnee 0 - Bloomington 5
BOTTOM OF THE 2ND
Bloomington Longnecks batting - Pitching for Pawnee ParksNRec : RHP Hengkie Iriawan
Batting: RHB Martín Martínez 0-0: Ball
1-0: Swinging Strike
1-1: Fly out, F7 (Flyball, 7S)
Batting: RHB Gabrio Campoverde 0-0: Called Strike
0-1: Foul Ball, location: 2F
0-2: SINGLE (Line Drive, 78S)
Batting: LHB Calvin Wilms 0-0: Foul Ball, location: 2F
0-1: Ball
1-1: Fly out, F8 (Flyball, 8LD)
Batting: LHB César Gómes 0-0: Called Strike
0-1: Ball
1-1: Ground out 4-3 (Groundball, 4)
Bottom of the 2nd over - 0 runs, 1 hit, 0 errors, 1 left on base; Pawnee 0 - Bloomington 5
TOP OF THE 3RD
Pawnee ParksNRec batting - Pitching for Bloomington Longnecks : LHP Gabriel Valenzuela
Batting: RHB Chad Silander 0-0: Ball
1-0: SINGLE (Flyball, 8RS)
Batting: RHB Roberto Aguirre 0-0: Ball
1-0: Ball
2-0: Foul Ball, location: 2F
2-1: Swinging Strike
2-2: Ground out 3-1 (Groundball, 34)
Chad Silander to second
Batting: RHB Britt Lynch 0-0: Swinging Strike
0-1: Foul Ball, location: 2F
0-2: Ball
1-2: SINGLE (Flyball, 4D)
Chad Silander to third
Batting: RHB David Tineo 0-0: Swinging Strike
0-1: Ball
1-1: Foul Ball, location: 2F
1-2: Strikes out swinging
Batting: RHB Ken Bone 0-0: Called Strike
0-1: Ball
1-1: Foul Ball, location: 2F
1-2: SINGLE (Line Drive, 34)
Chad Silander scores
Britt Lynch to second
Batting: RHB Daryl Moran 0-0: Foul Ball, location: 2F
0-1: Foul Ball, location: 2F
0-2: Fly out, F7 (Flyball, 78D)
Top of the 3rd over - 1 run, 3 hits, 0 errors, 2 left on base; Pawnee 1 - Bloomington 5
BOTTOM OF THE 3RD
Bloomington Longnecks batting - Pitching for Pawnee ParksNRec : RHP Hengkie Iriawan
Batting: RHB Ty Struck 0-0: Called Strike
0-1: Ground out 5-3 (Groundball, 56)
Batting: SHB Chris Williamson 0-0: Ball
1-0: Called Strike
1-1: Called Strike
1-2: Fly out, F9 (Flyball, 9)
Batting: RHB Frank Crocker 0-0: Called Strike
0-1: Called Strike
0-2: Strikes out looking
Bottom of the 3rd over - 0 runs, 0 hits, 0 errors, 0 left on base; Pawnee 1 - Bloomington 5
TOP OF THE 4TH
Pawnee ParksNRec batting - Pitching for Bloomington Longnecks : LHP Gabriel Valenzuela
Batting: RHB Gustavo González 0-0: Ball
1-0: Called Strike
1-1: Swinging Strike
1-2: Strikes out swinging
Batting: RHB Mike Lipide 0-0: Ball
1-0: Ball
2-0: Ball
3-0: Called Strike
3-1: Foul Ball, location: 2F
3-2: SINGLE (Line Drive, 6D)
Batting: SHB Dave Gant 0-0: Called Strike
0-1: Ball
1-1: Ball
Throwing error on steal attempt, E2
Mike Lipide to third
2-1: Fly out, F6 (Line Drive, 6)
Batting: RHB Chad Silander 0-0: Swinging Strike
0-1: Swinging Strike
0-2: Ball
1-2: Ball
2-2: Foul Ball, location: 2F
2-2: Ball
3-2: Foul Ball, location: 2F
3-2: Foul Ball, location: 2F
3-2: Foul Ball, location: 2F
3-2: SINGLE (Groundball, 6MD)
Mike Lipide scores
Batting: RHB Roberto Aguirre 0-0: SINGLE (Groundball, 34D)
Chad Silander to second
Runner from 2nd tries for 3rd, SAFE, no throw
Batting: RHB Britt Lynch 0-0: Called Strike
0-1: Ball
1-1: Called Strike
1-2: Ball
2-2: Strikes out swinging
Top of the 4th over - 1 run, 3 hits, 1 error, 2 left on base; Pawnee 2 - Bloomington 5
BOTTOM OF THE 4TH
Bloomington Longnecks batting - Pitching for Pawnee ParksNRec : RHP Hengkie Iriawan
Batting: LHB Marshall Willis 0-0: Ball
1-0: Swinging Strike
1-1: Fly out, F7 (Flyball, 7LS)
Batting: RHB Masafumi Ito 0-0: Ball
1-0: Called Strike
1-1: Ball
2-1: Foul Ball, location: 2F
2-2: Ball
3-2: Foul Ball, location: 2F
3-2: Ground out 4-3 (Groundball, 4S)
Batting: RHB Martín Martínez 0-0: Ground out U3 (Groundball, 34S)
Bottom of the 4th over - 0 runs, 0 hits, 0 errors, 0 left on base; Pawnee 2 - Bloomington 5
TOP OF THE 5TH
Pawnee ParksNRec batting - Pitching for Bloomington Longnecks : LHP Gabriel Valenzuela
Batting: RHB David Tineo 0-0: Ball
1-0: Ball
2-0: SINGLE (Line Drive, 3)
Batting: RHB Ken Bone 0-0: Ball
1-0: Fly out, F9 (Flyball, 9D)
Batting: RHB Daryl Moran 0-0: Called Strike
0-1: Ball
David Tineo steals 2nd base
1-1: Foul Ball, location: 2F
1-2: Ball
2-2: SINGLE (Groundball, 3D)
David Tineo to third
Runner from 3rd tries for Home, SAFE, no throw
Batting: RHB Gustavo González 0-0: Ball
1-0: Swinging Strike
1-1: Swinging Strike
1-2: Strikes out looking
Pitching: RHP Nick Taylor
Batting: RHB Mike Lipide 0-0: Called Strike
0-1: Swinging Strike
0-2: Foul Ball, location: 2F
0-2: Ball
1-2: Strikes out swinging
Top of the 5th over - 1 run, 2 hits, 0 errors, 1 left on base; Pawnee 3 - Bloomington 5
BOTTOM OF THE 5TH
Bloomington Longnecks batting - Pitching for Pawnee ParksNRec : RHP Hengkie Iriawan
Batting: RHB Gabrio Campoverde 0-0: Fly out, F3 (Popup, 34)
Batting: LHB Calvin Wilms 0-0: Ball
1-0: Fly out, F7 (Flyball, 78M)
Batting: LHB César Gómes 0-0: Ball
1-0: Foul Ball, location: 2F
1-1: Foul Ball, location: 2F
1-2: Ball
2-2: Ball
3-2: Foul Ball, location: 2F
3-2: SINGLE (Groundball, 4D)
Batting: RHB Ty Struck 0-0: Ball
1-0: Swinging Strike
1-1: Ball
2-1: Foul Ball, location: 2F
2-2: Ball
Throwing error on steal attempt, E2
César Gómes to third
3-2: Strikes out swinging
Bottom of the 5th over - 0 runs, 1 hit, 1 error, 1 left on base; Pawnee 3 - Bloomington 5
TOP OF THE 6TH
Pawnee ParksNRec batting - Pitching for Bloomington Longnecks : RHP Nick Taylor
Batting: SHB Dave Gant 0-0: Ball
1-0: Swinging Strike
1-1: Foul Ball, location: 2F
1-2: Strikes out swinging
Batting: RHB Chad Silander 0-0: Ball
1-0: Called Strike
1-1: Ball
2-1: Ground out 5-3 (Groundball, 56S)
Batting: RHB Roberto Aguirre 0-0: Called Strike
0-1: Ball
1-1: Swinging Strike
1-2: Ball
2-2: Fly out, F3 (Line Drive, 34S)
Top of the 6th over - 0 runs, 0 hits, 0 errors, 0 left on base; Pawnee 3 - Bloomington 5
BOTTOM OF THE 6TH
Bloomington Longnecks batting - Pitching for Pawnee ParksNRec : RHP Hengkie Iriawan
Batting: SHB Chris Williamson 0-0: Swinging Strike
0-1: Called Strike
0-2: Ball
1-2: Foul Ball, location: 2F
1-2: Strikes out looking
Batting: RHB Frank Crocker 0-0: Ball
1-0: Ball
2-0: Ball
3-0: Called Strike
3-1: Swinging Strike
3-2: Strikes out swinging
Batting: LHB Marshall Willis 0-0: Called Strike
0-1: Ball
1-1: Ball
2-1: Foul Ball, location: 2F
2-2: Strikes out swinging
Bottom of the 6th over - 0 runs, 0 hits, 0 errors, 0 left on base; Pawnee 3 - Bloomington 5
TOP OF THE 7TH
Pawnee ParksNRec batting - Pitching for Bloomington Longnecks : RHP Nick Taylor
Batting: RHB Britt Lynch 0-0: Called Strike
0-1: Fly out, F7 (Flyball, 7S)
Batting: RHB David Tineo 0-0: Called Strike
0-1: Ball
1-1: Ball
2-1: Foul Ball, location: 2F
2-2: SINGLE (Line Drive, 6MD)
Batting: RHB Ken Bone 0-0: Ball
1-0: Called Strike
1-1: Grounds into double play, 1-6-3 (Groundball, 13)
Top of the 7th over - 0 runs, 1 hit, 0 errors, 0 left on base; Pawnee 3 - Bloomington 5
BOTTOM OF THE 7TH
Bloomington Longnecks batting - Pitching for Pawnee ParksNRec : RHP Hengkie Iriawan
Batting: RHB Masafumi Ito 0-0: Ball
1-0: DOUBLE (Groundball, 5L)
Pitching: RHP Trevor Brohard
Batting: RHB Martín Martínez 0-0: Ball
1-0: Swinging Strike
1-1: Called Strike
1-2: Ball
2-2: Foul Ball, location: 2F
2-2: Foul Ball, location: 2F
2-2: Foul Ball, location: 2F
2-2: Strikes out looking
Batting: RHB Gabrio Campoverde 0-0: Ball
1-0: Ball
2-0: Ball
3-0: Base on Balls
Batting: LHB Calvin Wilms 0-0: Called Strike
0-1: Swinging Strike
0-2: Strikes out swinging
Batting: LHB César Gómes 0-0: Called Strike
0-1: Called Strike
0-2: Ball
1-2: Foul Ball, location: 2F
1-2: Fly out, F9 (Flyball, 9S)
Bottom of the 7th over - 0 runs, 1 hit, 0 errors, 2 left on base; Pawnee 3 - Bloomington 5
TOP OF THE 8TH
Pawnee ParksNRec batting - Pitching for Bloomington Longnecks : RHP Nick Taylor
Batting: RHB Daryl Moran 0-0: Called Strike
0-1: Ball
1-1: Ball
2-1: Foul Ball, location: 2F
2-2: Ball
3-2: Ground out 3-1 (Groundball, 34)
Batting: RHB Gustavo González 0-0: Ball
1-0: Ball
2-0: Ball
3-0: Base on Balls
Batting: RHB Mike Lipide 0-0: Ball
1-0: SINGLE (Groundball, 56D)
Gustavo González to second
Pitching: LHP Walt Cooley
Batting: SHB Dave Gant 0-0: Foul Ball, location: 2F
0-1: Fly out, F9 (Flyball, 9S)
Batting: RHB Chad Silander 0-0: Called Strike
0-1: Ball
1-1: Foul Ball, location: 2F
1-2: Foul Ball, location: 2F
1-2: Strikes out swinging
Top of the 8th over - 0 runs, 1 hit, 0 errors, 2 left on base; Pawnee 3 - Bloomington 5
BOTTOM OF THE 8TH
Bloomington Longnecks batting - Pitching for Pawnee ParksNRec : RHP Trevor Brohard
Batting: RHB Ty Struck 0-0: Ball
1-0: Fly out, F9 (Line Drive, 89D)
Batting: SHB Chris Williamson 0-0: Ball
1-0: Called Strike
1-1: Ground out 5-3 (Groundball, 56S)
Batting: RHB Frank Crocker 0-0: Ball
1-0: SINGLE (Line Drive, 6MD)
Batting: LHB Marshall Willis 0-0: Ball
1-0: SINGLE (Groundball, 34S) (infield hit)
Frank Crocker to second
Batting: RHB Masafumi Ito 0-0: Swinging Strike
0-1: Fly out, F3 (Popup, 34)
Bottom of the 8th over - 0 runs, 2 hits, 0 errors, 2 left on base; Pawnee 3 - Bloomington 5
TOP OF THE 9TH
Pawnee ParksNRec batting - Pitching for Bloomington Longnecks : LHP Walt Cooley
Pitching: RHP Ieyoshi Asai
Batting: RHB Roberto Aguirre 0-0: Swinging Strike
0-1: Swinging Strike
0-2: Strikes out swinging
Batting: RHB Britt Lynch 0-0: Ball
1-0: Ball
2-0: Called Strike
2-1: Swinging Strike
2-2: Strikes out swinging
Batting: RHB David Tineo 0-0: Ball
1-0: Ball
2-0: Foul Ball, location: 2F
2-1: Ball
3-1: Reached via error on a dropped throw, E3
Batting: RHB Ken Bone 0-0: Ball
1-0: Ball
2-0: Fly out, F3 (Popup, 3)
Top of the 9th over - 0 runs, 0 hits, 1 error, 1 left on base; Pawnee 3 - Bloomington 5
Tuesday, June 12th, 2018 - OOTP Baseball 18.8 Build 76